 Dungeon Crawl Stone Soup version 0.21-a0-216-g6d3fd91 (webtiles) character file.

273819 tilp the Scorcher (level 20, -12/180 HPs)
             Began as a Hill Orc Fire Elementalist on Aug 18, 2017.
             Was a High Priest of Okawaru.
             Mangled by an orc knight
             ... wielding a +2 dire flail of protection
              (33 damage)
             ... on level 14 of the Dungeon on Aug 23, 2017.
             The game lasted 06:05:56 (90305 turns).

tilp the Scorcher (Hill Orc Fire Elementalist)     Turns: 90305, Time: 06:05:57

Health: -12/180    AC: 25    Str: 14    XL:     20   Next: 30%
Magic:  21/38      EV: 13    Int: 26    God:    Okawaru [*****.]
Gold:   1956       SH:  0    Dex:  7    Spells: 18/48 levels left

rFire    + + .     SeeInvis .   n - +9 triple sword "Beetleslayer" {vamp, MR++}
rCold    + . .     Gourm    .   (shield currently unavailable)
rNeg     + . .     Faith    +   O - +5 ring mail {rF+}
rPois    +         Spirit   .   f - +2 helmet
rElec    .         Reflect  .   a - scarf of Claustrophobia {rF+ rC+ Str-3 Int+5}
rCorr    .         Harm     .   c - +2 pair of gloves of Complete Protection {rN+}
MR       ++++.     Clarity  +   y - +0 pair of boots {run}
Stlth    ++........             m - amulet of faith
HPRegen  0.40/turn              F - ring of wizardry
MPRegen  0.26/turn              N - +3 ring of strength

@: heroism, drained, quick
A: talons 2, icy blue scales 1, slimy green scales 1, blink, clarity, clumsy 2,
magic resistance 1, poison resistance, subdued magic 1
}: 2/15 runes: decaying, gossamer
a: Blink, Heroism, Finesse, Renounce Religion


You were on level 14 of the Dungeon.
You worshipped Okawaru.
Okawaru was extremely pleased with you.
You were not hungry.

You visited 9 branches of the dungeon, and saw 35 of its levels.

You collected 3371 gold pieces.
You spent 1415 gold pieces at shops.

Inventory:

Hand Weapons
 n - the +9 triple sword "Beetleslayer" (weapon) {vamp, MR++}
   (Okawaru gifted it to you on level 4 of the Swamp)

   It inflicts no extra harm, but heals its wielder when it wounds a living foe.
   It affects your resistance to hostile enchantments.
 r - the +9 great sword of Odemo {drain, rN+}
   (Okawaru gifted it to you on level 15 of the Dungeon)

   A truly terrible weapon, it drains the life of those it strikes.
   It protects you from negative energy.
Missiles
 A - 3 poisoned javelins (quivered)
Armour
 a - the scarf of Claustrophobia (worn) {rF+ rC+ Str-3 Int+5}
   (You acquired it on level 2 of the Swamp)

   It affects your strength (-3).
   It affects your intelligence (+5).
   It protects you from fire.
   It protects you from cold.
 c - the +2 pair of gloves of Complete Protection (worn) {rN+}
   (Okawaru gifted it to you on level 14 of the Dungeon)

   It protects you from negative energy.
 f - a +2 helmet (worn)
 y - a +0 pair of boots of running (worn)
 O - a +5 ring mail of fire resistance (worn)
Magical Staves
 H - an uncursed staff of fire
Jewellery
 m - an amulet of faith (around neck)
 B - an uncursed ring of protection from fire
 F - a ring of wizardry (left hand)
 J - an uncursed ring of protection from cold
 N - a +3 ring of strength (right hand)
 R - an uncursed ring of see invisible
Wands
 h - a wand of clouds (3/9)
 i - a wand of scattershot (0/9)
 o - a wand of paralysis (5/24)
 s - a wand of iceblast (9/15)
 t - a wand of acid (7/15)
 w - a wand of enslavement (16/24)
 L - a wand of polymorph (10/24)
 P - a wand of digging (4/24)
 T - a wand of disintegration (9/24)
 Z - a wand of lightning (1/15)
Scrolls
 b - a scroll of amnesia
 g - 3 scrolls of fog
 j - 19 scrolls of remove curse
 q - 3 scrolls of teleportation
 D - a scroll of holy word
 I - 2 scrolls of blinking
 M - 4 scrolls of recharging
 U - 4 scrolls of fear
 V - a scroll of magic mapping
 Y - a scroll of silence
Potions
 d - 3 potions of ambrosia
 e - 8 potions of might
 k - 4 potions of flight
 p - 14 potions of curing
 u - 6 potions of brilliance
 v - 5 potions of cancellation
 z - a potion of berserk rage
 G - 3 potions of resistance
 K - 6 potions of agility
 S - 2 potions of haste
Books
 Q - a book of Frost

   Spells                             Type                      Level
   a - Freeze                         Ice                          1
   b - Throw Frost                    Conjuration/Ice              2
   c - Ozocubu's Armour               Charms/Ice                   3
   d - Throw Icicle                   Conjuration/Ice              4
   e - Summon Ice Beast               Ice/Summoning                4
Miscellaneous
 l - a lightning rod (4/4)
 C - a lamp of fire
Comestibles
 x - 11 chunks of flesh


   Skills:
 - Level 16.1(20.6) Fighting
 - Level 10.8(15.3) Long Blades
   Level 4.6(9.1) Maces & Flails
 - Level 7.0(11.5) Armour
 - Level 3.1(7.7) Dodging
 - Level 1.5(6.1) Stealth
 + Level 14.6(14.1) Spellcasting
 - Level 16.2(15.7) Conjurations
 - Level 18.0(17.5) Fire Magic
 - Level 5.0(4.6) Invocations
 - Level 4.0(3.6) Evocations


You had 18 spell levels left.
You knew the following spells:

 Your Spells              Type           Power        Failure   Level  Hunger
a - Flame Tongue          Conj/Fire      #####        0%          1    None
b - Throw Flame           Conj/Fire      ######       0%          2    None
c - Conjure Flame         Conj/Fire      ######..     0%          3    None
d - Sticky Flame          Conj/Fire      ######..     1%          4    None
e - Fireball              Conj/Fire      ######....   1%          5    ##.....
f - Animate Skeleton      Necr           N/A          1%          1    None
g - Blink                 Tloc           N/A          2%          2    None
h - Ignition              Fire           ######....   9%          8    #######
i - Swiftness             Chrm/Air       ##......     2%          2    None
j - Throw Frost           Conj/Ice       #####.       1%          2    None


Dungeon Overview and Level Annotations

Branches:
Dungeon (15/15)            Temple (1/1) D:7            Lair (6/6) D:8
  Swamp (4/4) Lair:4       Spider (4/4) Lair:4        Slime (0/5) Lair:6
    Orc (2/2) D:9             Elf (1/3) Orc:2        Vaults (1/5) D:14
 Depths (1/5) D:15

Altars:
Ashenzari
Cheibriados
Dithmenos
Elyvilon
Fedhas
Gozag
Hepliaklqana
Kikubaaqudgha
Makhleb
Nemelex Xobeh
Okawaru
Qazlal
Ru
Sif Muna
Trog
Uskayaw
Vehumet
Wu Jian
Xom
Yredelemnul
Zin
The Shining One

Shops:
D:11 (   Orc:2 =([*

Annotations:
D:14 exclusion: Roxanne, Roxanne
Lair:2 Gorglomux's ghost, journeyman HOCj


Innate Abilities, Weirdness & Mutations

You have razor-sharp toenails.
You are partially covered in icy blue scales. (AC +2)
You are partially covered in slimy green scales. (AC +2)
You can translocate small distances at will.
You possess an exceptional clarity of mind.
You are very clumsy. (Dex -4)
You are resistant to hostile enchantments. (MR+)
Your system is resistant to poisons. (rPois)
Your spells are a little easier to cast, but a little less powerful.


Message History

You see here an arrow.
Unknown command.
The centaur shoots an arrow.
The arrow misses you.
You see here an arrow.
Casting: Sticky Flame
Confirm with . or Enter, or press ? or * to list all spells.
Aiming: Conjure Flame
Press: ? - help, Dir - move target cursor The fire ignites!
Casting: Conjure Flame
Confirm with . or Enter, or press ? or * to list all spells.
Aiming: Sticky Flame
Press: ? - help, Shift-Dir - straight line, f - orc knight
Aim: an orc knight, wielding a dire flail of protection and wearing a plate armour (flame, unusually strong)
The sticky flame hits the orc knight.
The orc knight appears unharmed.
The orc knight is covered in liquid flames!
The orc knight burns!
The orc knight is engulfed in blazing flames.
The orc knight hits you with a dire flail of protection!!
You die...

#...........# #.# #...##.....
#.###.......# #.# #...##.###.
#.# #.......# #.# #...##.# #.
#.# #.......# #.# #...##.# #.
#.# #.......# #.# #...##.###.
#.# #.......# #.# #)..##.##..
#.# #.......# #.# #...##.##..
###.# #.......#####.#
#...##.##.. ....#
#.........@oo.# #...##.#≈♣.
....#
#.......#####p###...##..≈.≈
....#
#)..........)(..(.[(...≈≈≈.
###.#
#...........((...)<.≈≈≈≈P.. #.#
#............(...[c(≈≈≈≈≈.≈ #.#
#.........(.)p.....♣≈≈≈≈P≈. #.#
#..........<∩......♣≈P≈≈≈≈.
#.###.....(?...><......♣≈≈≈≈P≈.
#......................♣PP≈≈≈≈.


You could see an orc knight (burning), a vault sentinel and an orc warrior.

Vanquished Creatures
  the Lernaean hydra (Swamp:4)
  Nikola (Elf:1)
  Jorgrun (Vaults:1)
  The ghost of Kidiri the Eclecticist, an adept DEFE of Vehumet (Swamp:4)
  A storm dragon (D:14)
  4 thorn hunters
  5 ghost moths
  4 vault wardens (Vaults:1)
  An ironheart preserver (Vaults:1)
  5 emperor scorpions
  A stone giant (Orc:2)
  A reaper (Spider:3)
  4 entropy weavers
  Azrael (D:13)
  2 spark wasps
  5 ettins
  4 yaktaur captains (Vaults:1)
  A vault guard (Vaults:1)
  Fannar (D:10)
  The ghost of p0werm0de the Fighter, a journeyman DsAE of Gozag (Lair:3)
  29 hydras
  5 catoblepae
  7 centaur warriors
  The ghost of p0werm0de the Fighter, a journeyman GrCK of Xom (Orc:1)
  3 ghost crabs
  10 two-headed ogres
  A dancing weapon (Elf:1)
  6 alligators
  A deep troll shaman (Vaults:1)
  18 death yaks
  A death yak (shapeshifter) (Vaults:1)
  2 ogre magi
  Urug (Lair:5)
  4 skeletal warriors (D:15)
  3 spriggan druids (Swamp:3)
  5 deep trolls (Vaults:1)
  8 swamp dragons
  A wizard (D:14)
  3 deep elf archers (Vaults:1)
  2 unseen horrors
  2 glowing orange brains
  Pikel (D:9)
  5 shambling mangroves
  3 orc knights
  An ironbrand convoker (Vaults:1)
  2 orc sorcerers
  25 orb spiders
  4 manticores
  37 wolf spiders
  11 deep elf magi
  22 ugly things
  17 cyclopes
  12 elephants
  2 moths of wrath
  Joseph (D:8)
  6 black mambas
  26 spiny frogs
  4 torpor snails
  4 vault sentinels (Vaults:1)
  5 gargoyles
  10 komodo dragons
  2 freezing wraiths
  3 kobold demonologists
  An efreet (D:13)
  17 demonic crawlers
  4 rime drakes
  26 yaktaurs
  2 komodo dragons (shapeshifter) (D:15)
  2 polar bears
  9 trolls
  A jumping spider (shapeshifter) (Vaults:1)
  29 jumping spiders
  16 tyrant leeches
  4 bog bodies
  27 blink frogs
  29 slime creatures
  21 hornets
  12 dream sheep
  20 hippogriffs
  5 spriggans
  A wraith (D:13)
  A redback (shapeshifter) (D:15)
  53 yaks
  A shadow (D:14)
  44 tarantellas
  A wyvern (D:12)
  2 water elementals
  56 redbacks
  A tarantella (shapeshifter) (D:15)
  16 humans
  5 basilisks
  2 fire elementals (D:13)
  4 hungry ghosts
  Grum (D:8)
  11 vampire mosquitoes
  2 wargs (Orc:2)
  18 swamp worms
  A soldier ant (D:14)
  5 acid dragons
  2 hell hounds (D:13)
  21 water moccasins
  A floating eye (shapeshifter) (D:15)
  18 porcupines
  14 swamp drakes
  A necrophage (D:14)
  31 orc warriors
  4 ice beasts
  2 slaves (D:9)
  4 black bears
  3 sky beasts
  A hornet zombie (D:10)
  5 phantoms
  30 wolves
  15 ogres
  A wolf (shapeshifter) (Vaults:1)
  18 centaurs
  24 crocodiles
  9 big kobolds
  24 bullfrogs
  A gnoll sergeant (D:10)
  A wyvern zombie (D:10)
  9 scorpions
  2 wyvern skeletons
  8 killer bees
  11 wights
  3 electric eels
  6 howler monkeys
  10 crimson imps
  A bullfrog zombie (D:11)
  6 centaur zombies
  2 quasits
  8 jellies
  26 orc wizards
  Crazy Yiuf (D:2)
  17 hounds
  31 orc priests
  A gnoll shaman (D:5)
  3 centaur skeletons
  9 iguanas
  18 worker ants
  2 worker ant zombies (D:10)
  Robin (D:3)
  16 adders
  13 gnolls
  3 howler monkey skeletons
  4 shadow imps
  4 oozes
  An adder skeleton (D:10)
  An adder zombie (D:5)
  3 worms
  2 dart slugs
  An adder simulacrum (D:10)
  8 leopard geckos
  114 orcs
  4 ball pythons
  7 giant cockroaches
  6 hobgoblins
  15 jackals
  44 kobolds
  8 quokkas
  6 bats
  7 frilled lizards
  11 goblins
  A jackal zombie (D:5)
  4 leopard gecko skeletons
  A leopard gecko zombie (D:5)
  2 quokka skeletons
  2 rats (D:2)
  A fungus (Lair:5)
1505 creatures vanquished.

Vanquished Creatures (collateral kills)
  2 death yaks (Lair:6)
  A swamp dragon (Swamp:4)
  A yaktaur (Vaults:1)
  3 yaks (Lair:6)
  A swamp drake (Swamp:3)
  An orc (Vaults:1)
9 creatures vanquished.

Vanquished Creatures (others)
  A deep elf mage (Elf:1)
  A jumping spider (Spider:1)
  A tarantella (Spider:4)
  2 slaves (D:9)
  A quokka (D:11)
  4 briar patches
  A bush (Lair:5)
  86 fungi
  42 plants
  6 toadstools (Swamp:1)
145 creatures vanquished.

Grand Total: 1659 creatures vanquished

Notes
Turn   | Place    | Note
-------+----------+-------------------------------------------
     0 | D:1      | tilp the Hill Orc Fire Elementalist began the quest for the Orb.
     0 | D:1      | Reached XP level 1. HP: 14/14 MP: 3/3
     0 | D:1      | Upgraded the game from 0.21-a0-201-g8501b10 to 0.21-a0-210-gbfa5647
   121 | D:1      | Reached XP level 2. HP: 11/20 MP: 0/5
   744 | D:2      | Reached XP level 3. HP: 19/26 MP: 6/6
   846 | D:2      | Found a runed door.
  1388 | D:2      | Found a faded altar of an unknown god.
  1942 | D:3      | Reached XP level 4. HP: 33/33 MP: 7/7
  2110 | D:3      | Noticed Robin
  2203 | D:3      | Learned a level 2 spell: Throw Flame
  2207 | D:3      | Learned a level 3 spell: Conjure Flame
  2382 | D:3      | Killed Robin
  3190 | D:3      | Reached XP level 5. HP: 35/38 MP: 1/8
  4103 | D:4      | Noticed an ogre
  4111 | D:4      | Killed an ogre
  4111 | D:4      | Reached skill level 4 in Fire Magic
  4111 | D:4      | Reached XP level 6. HP: 45/45 MP: 0/9
  4479 | D:4      | Reached skill level 5 in Fire Magic
  4974 | D:4      | Reached XP level 7. HP: 50/50 MP: 10/10
  5165 | D:4      | Reached skill level 5 in Conjurations
  5219 | D:4      | Reached skill level 6 in Fire Magic
  6572 | D:5      | Entered Level 5 of the Dungeon
  6578 | D:5      | Reached XP level 8. HP: 57/57 MP: 9/11
  6584 | D:5      | Learned a level 4 spell: Sticky Flame
  6622 | D:5      | Reached skill level 7 in Fire Magic
  6935 | D:5      | Found an ancient bone altar of Kikubaaqudgha.
  6935 | D:5      | Found an ornate altar of the Wu Jian Council.
  7966 | D:6      | Reached skill level 1 in Fighting
  7966 | D:6      | Reached skill level 8 in Fire Magic
  9189 | D:6      | Reached XP level 9. HP: 70/70 MP: 1/12
  9515 | D:2      | Noticed Crazy Yiuf
  9523 | D:2      | Killed Crazy Yiuf
 10010 | D:7      | Reached skill level 1 in Evocations
 10036 | D:7      | Reached skill level 9 in Fire Magic
 10245 | D:7      | Found a staircase to the Ecumenical Temple.
 10318 | Temple   | Entered the Ecumenical Temple
 10406 | Temple   | Became a worshipper of Warmaster Okawaru
 10937 | D:7      | Found a basalt altar of Yredelemnul.
 11056 | D:7      | Reached * piety under Okawaru
 11284 | D:7      | Reached skill level 1 in Invocations
 12233 | D:8      | Reached ** piety under Okawaru
 12233 | D:8      | Reached skill level 10 in Fire Magic
 12293 | D:8      | You fall through a shaft for 2 floors!
 12293 | D:10     | Entered Level 10 of the Dungeon
 12309 | D:10     | Found an iron altar of Okawaru.
 12315 | D:10     | Noticed a two-headed ogre
 12330 | D:10     | Killed a two-headed ogre
 12330 | D:10     | Reached *** piety under Okawaru
 12330 | D:10     | Reached XP level 10. HP: 42/77 MP: 0/13
 12813 | D:8      | Noticed Grum
 13012 | D:8      | Killed Grum
 13012 | D:8      | Reached **** piety under Okawaru
 13028 | D:8      | Reached skill level 10 in Conjurations
 13933 | D:8      | Noticed Joseph
 13951 | D:7      | Reached skill level 11 in Fire Magic
 13951 | D:7      | Reached skill level 5 in Invocations
 14110 | D:8      | Noticed a two-headed ogre
 14131 | D:8      | Killed a two-headed ogre
 14131 | D:8      | Reached ***** piety under Okawaru
 14446 | D:8      | Received a gift from Okawaru
 14447 | D:8      | Got a pair of fine boots {god gift}
 14453 | D:8      | Identified the +0 pair of boots "Cojouwov" {rF+ rN+ Dex+4 Stlth+} (Okawaru gifted it to you on level 8 of the Dungeon)
 14749 | D:8      | Found a staircase to the Lair.
 14816 | D:8      | Killed Joseph
 14816 | D:8      | Reached skill level 1 in Armour
 14816 | D:8      | Reached XP level 11. HP: 53/84 MP: 1/14
 15262 | D:8      | Noticed a two-headed ogre
 15285 | D:8      | Killed a two-headed ogre
 15292 | D:8      | Learned a level 5 spell: Fireball
 15481 | D:8      | Gained mutation: Your spells are a little harder to cast, but a little more powerful. [mutagenic meat]
 15482 | D:8      | Gained mutation: You have large cloven feet. [mutagenic meat]
 15509 | D:8      | Found a burning altar of Makhleb.
 15595 | Lair:1   | Entered Level 1 of the Lair of Beasts
 15629 | Lair:1   | Reached skill level 12 in Fire Magic
 16099 | D:9      | Found a staircase to the Orcish Mines.
 16215 | D:9      | Noticed a deep elf mage
 16227 | D:9      | Noticed a two-headed ogre
 16896 | D:9      | Killed a two-headed ogre
 17072 | D:9      | Noticed Pikel
 17088 | D:9      | Killed Pikel
 17174 | D:9      | Found a glowing silver altar of Zin.
 17217 | D:9      | Killed a deep elf mage
 17360 | D:9      | Noticed a two-headed ogre
 17372 | D:9      | Killed a two-headed ogre
 17372 | D:9      | Received a gift from Okawaru
 17372 | D:9      | Reached skill level 13 in Fire Magic
 17975 | D:10     | Reached XP level 12. HP: 69/91 MP: 8/15
 18132 | D:10     | Got a fine spear
 18133 | D:10     | Identified the +4 spear "Zacwap" {pierce, Str+7} (You found it on level 10 of the Dungeon)
 18179 | D:10     | Noticed Fannar
 18355 | D:10     | Noticed a two-headed ogre
 18366 | D:10     | Killed a two-headed ogre
 19069 | D:10     | Noticed a two-headed ogre
 19167 | D:10     | Killed Fannar
 19414 | D:10     | Killed a two-headed ogre
 20058 | D:11     | Found Murche Ynuwys's Weapon Shop.
 20415 | D:11     | Reached skill level 14 in Fire Magic
 22805 | Lair:1   | Received a gift from Okawaru
 23367 | Lair:1   | Reached XP level 13. HP: 99/99 MP: 6/19
 23728 | Lair:2   | Reached skill level 5 in Fighting
 23833 | Lair:2   | Noticed Gorglomux's ghost (journeyman HOCj)
 24065 | Lair:2   | Reached skill level 15 in Fire Magic
 25140 | Lair:3   | Upgraded the game from 0.21-a0-210-gbfa5647 to 0.21-a0-215-g0631661
 25400 | Lair:3   | Noticed p0werm0de's ghost (journeyman DsAE)
 26854 | Lair:3   | Reached ****** piety under Okawaru
 29589 | Lair:4   | Reached skill level 16 in Fire Magic
 29846 | Lair:4   | Received a gift from Okawaru
 30011 | Lair:4   | Reached XP level 14. HP: 91/113 MP: 2/20
 30330 | Lair:4   | Found a staircase to the Swamp.
 30842 | Lair:4   | Found a sacrificial altar of Ru.
 30917 | Lair:4   | Found a hole to the Spider Nest.
 31224 | Lair:1   | Learned a level 2 spell: Blink
 32125 | Lair:5   | Noticed Urug
 32129 | Lair:5   | Killed Urug
 32883 | Lair:6   | Entered Level 6 of the Lair of Beasts
 33031 | Lair:6   | Reached skill level 15 in Conjurations
 33640 | Lair:6   | Received a gift from Okawaru
 33645 | Lair:6   | Got a faintly glowing plate armour {god gift}
 33940 | Lair:6   | Reached skill level 5 in Spellcasting
 33983 | Lair:6   | Found a staircase to the Slime Pits.
 33999 | Lair:6   | Reached skill level 17 in Fire Magic
 35276 | Lair:6   | Reached skill level 1 in Long Blades
 35507 | Lair:1   | Identified the +8 plate armour of Distant Worlds {rElec rF+ Str+3} (Okawaru gifted it to you on level 6 of the Lair of Beasts)
 35726 | Orc:1    | Entered Level 1 of the Orcish Mines
 35972 | Orc:1    | Found a bloodstained altar of Trog.
 36231 | Orc:2    | Entered Level 2 of the Orcish Mines
 37165 | Orc:2    | Found Baor's Jewellery Shop.
 37165 | Orc:2    | Noticed a stone giant
 37347 | Orc:2    | Killed a stone giant
 37935 | Orc:2    | Found Uxtigedo's Antique Weapon Shop.
 38178 | Orc:2    | Found Zatwoq's Antique Armour Boutique.
 38277 | Orc:2    | Reached XP level 15. HP: 59/118 MP: 17/22
 38491 | Orc:2    | Received a gift from Okawaru
 39439 | Orc:2    | Found Xuigaonn's General Store.
 39679 | Orc:2    | Found a staircase to the Elven Halls.
 39682 | Orc:2    | Bought a meat ration for 55 gold pieces
 39682 | Orc:2    | Bought a scroll of fear for 38 gold pieces
 39682 | Orc:2    | Bought a scroll of remove curse for 33 gold pieces
 39682 | Orc:2    | Bought a potion of might for 44 gold pieces
 40826 | Orc:1    | Noticed p0werm0de's ghost (journeyman GrCK)
 43808 | Lair:6   | Reached skill level 18 in Fire Magic
 44688 | Lair:6   | Reached skill level 5 in Long Blades
 45519 | D:12     | Gained mutation: Potions are less effective at restoring your health. [mutagenic meat]
 46106 | D:12     | Received a gift from Okawaru
 46140 | D:12     | Got an ichor-stained scarf {god gift}
 46151 | D:12     | Identified the scarf of Nericuff {rC+ Str+4} (Okawaru gifted it to you on level 12 of the Dungeon)
 46301 | D:12     | Lost mutation: Your spells are a little harder to cast, but a little more powerful. [potion of mutation]
 46301 | D:12     | Lost mutation: You have large cloven feet. [potion of mutation]
 46301 | D:12     | Lost mutation: Potions are less effective at restoring your health. [potion of mutation]
 46301 | D:12     | Gained mutation: You are clumsy. (Dex -2) [potion of mutation]
 46301 | D:12     | Gained mutation: Your spells are a little easier to cast, but a little less powerful. [potion of mutation]
 46301 | D:12     | Gained mutation: Scrolls take you a little longer to read. [potion of mutation]
 46301 | D:12     | Gained mutation: You are partially covered in large bone plates. (SH +4) [potion of mutation]
 46302 | D:12     | Lost mutation: Scrolls take you a little longer to read. [potion of mutation]
 46302 | D:12     | Lost mutation: You are clumsy. (Dex -2) [potion of mutation]
 46302 | D:12     | Gained mutation: You do not regenerate when monsters are visible. [potion of mutation]
 46302 | D:12     | Gained mutation: You are partially covered in slimy green scales. (AC +2) [potion of mutation]
 46302 | D:12     | Gained mutation: You have a pair of small horns on your head. [potion of mutation]
 46716 | D:12     | You fall through a shaft for 2 floors!
 46716 | D:14     | Found a gate to the Vaults.
 46844 | D:13     | Upgraded the game from 0.21-a0-215-g0631661 to 0.21-a0-216-g6d3fd91
 47510 | D:13     | Gained mutation: You are dopey. (Int -2) [mutagenic meat]
 47513 | D:13     | Gained mutation: You occasionally shout uncontrollably at your foes. [mutagenic meat]
 47514 | D:13     | Gained mutation: Your system is resistant to poisons. (rPois) [mutagenic meat]
 47572 | D:13     | Found Hetag's Distillery.
 47588 | D:13     | Bought a potion of heal wounds for 60 gold pieces
 47588 | D:13     | Bought a potion of curing for 36 gold pieces
 47588 | D:13     | Bought a potion of mutation for 96 gold pieces
 47588 | D:13     | Bought a potion of agility for 48 gold pieces
 47588 | D:13     | Bought a potion of curing for 36 gold pieces
 47588 | D:13     | Bought a potion of curing for 36 gold pieces
 47588 | D:13     | Bought a potion of might for 48 gold pieces
 47588 | D:13     | Bought a potion of agility for 48 gold pieces
 47588 | D:13     | Bought a potion of curing for 36 gold pieces
 47588 | D:13     | Bought 2 potions of curing for 72 gold pieces
 47588 | D:13     | Lost mutation: You occasionally shout uncontrollably at your foes. [potion of mutation]
 47588 | D:13     | Lost mutation: You have a pair of small horns on your head. [potion of mutation]
 47588 | D:13     | Lost mutation: You do not regenerate when monsters are visible. [potion of mutation]
 47588 | D:13     | Gained mutation: You are robust. (+10% HP) [potion of mutation]
 47588 | D:13     | Gained mutation: You occasionally shout uncontrollably at your foes. [potion of mutation]
 47588 | D:13     | Lost mutation: You are dopey. (Int -2) [potion of mutation]
 47588 | D:13     | Gained mutation: You are surrounded by a mild repulsion field. (EV +2) [potion of mutation]
 47950 | D:13     | Found an iron altar of Okawaru.
 48431 | D:13     | Gained mutation: You are clumsy. (Dex -2) [mutagenic meat]
 48432 | D:13     | Gained mutation: You are very clumsy. (Dex -4) [mutagenic meat]
 48433 | D:13     | Gained mutation: You expend magic power (3 MP) to strengthen your wands. [mutagenic meat]
 48907 | D:14     | Noticed Azrael
 48930 | D:13     | Killed Azrael
 50130 | D:13     | Reached XP level 16. HP: 140/141 MP: 21/27
 50369 | D:13     | Received a gift from Okawaru
 50556 | D:14     | Noticed Roxanne
 50780 | D:13     | Gained mutation: Your natural rate of healing is unusually fast. [mutagenic meat]
 50785 | D:13     | Lost mutation: You are partially covered in large bone plates. (SH +4) [mutagenic meat]
 51030 | D:14     | Lost mutation: You occasionally shout uncontrollably at your foes. [mutagenic meat]
 51033 | D:14     | Gained mutation: You have large cloven feet. [mutagenic meat]
 51034 | D:14     | Lost mutation: You are robust. (+10% HP) [mutagenic meat]
 51994 | D:14     | Lost mutation: You have large cloven feet. [mutagenic meat]
 51995 | D:14     | Gained mutation: You are partially covered in icy blue scales. (AC +2) [mutagenic meat]
 51996 | D:14     | Gained mutation: You are resistant to hostile enchantments. (MR+) [mutagenic meat]
 51997 | D:14     | Lost mutation: Your natural rate of healing is unusually fast. [mutagenic meat]
 51998 | D:14     | Gained mutation: Your body sometimes deteriorates upon taking damage. [mutagenic meat]
 51999 | D:14     | Gained mutation: You are dopey. (Int -2) [mutagenic meat]
 52307 | D:14     | Received a gift from Okawaru
 52655 | D:14     | Got a pair of slimy gloves {god gift}
 52661 | D:14     | Identified the +2 pair of gloves of Complete Protection {rN+} (Okawaru gifted it to you on level 14 of the Dungeon)
 52827 | D:14     | Noticed a storm dragon
 52996 | Lair:1   | Lost mutation: You are dopey. (Int -2) [potion of mutation]
 52996 | Lair:1   | Lost mutation: You expend magic power (3 MP) to strengthen your wands. [potion of mutation]
 52996 | Lair:1   | Gained mutation: You can translocate small distances at will. [potion of mutation]
 52996 | Lair:1   | Gained mutation: You possess an exceptional clarity of mind. [potion of mutation]
 52996 | Lair:1   | Gained mutation: You have sharp toenails. [potion of mutation]
 52997 | Lair:1   | Lost mutation: You are surrounded by a mild repulsion field. (EV +2) [potion of mutation]
 52997 | Lair:1   | Lost mutation: Your body sometimes deteriorates upon taking damage. [potion of mutation]
 52997 | Lair:1   | Gained mutation: You have razor-sharp toenails. [potion of mutation]
 53053 | Spider:1 | Entered Level 1 of the Spider Nest
 54198 | Spider:1 | Reached skill level 10 in Fighting
 54724 | Lair:4   | HP: 6/134 [poisoned by a redback]
 54729 | Lair:4   | HP: 5/134 [poisoned by a redback]
 54734 | Lair:4   | HP: 4/134 [poisoned by a redback]
 54742 | Lair:4   | HP: 5/134 [poisoned by a redback]
 54750 | Lair:4   | HP: 5/134 [poisoned by a redback]
 55196 | Swamp:1  | Entered Level 1 of the Swamp
 55910 | Swamp:1  | Noticed a thorn hunter
 55924 | Swamp:1  | Killed a thorn hunter
 56476 | Swamp:1  | Received a gift from Okawaru
 57092 | Swamp:2  | Reached skill level 10 in Spellcasting
 57122 | Swamp:2  | Got a brightly glowing leather armour
 57133 | Swamp:2  | Identified the cursed +0 leather armour of the Moon {Dex+4} (You found it on level 2 of the Swamp)
 57519 | Swamp:2  | Learned a level 1 spell: Animate Skeleton
 58107 | Swamp:2  | Noticed a thorn hunter
 58132 | Swamp:2  | Killed a thorn hunter
 58929 | Swamp:2  | Identified a scroll of acquirement
 58932 | Swamp:2  | Got a heavily runed scarf
 58943 | Swamp:2  | Identified the scarf of Claustrophobia {rF+ rC+ Str-3 Int+5} (You acquired it on level 2 of the Swamp)
 59101 | Swamp:3  | Reached XP level 17. HP: 144/144 MP: 18/31
 59908 | Swamp:3  | Received a gift from Okawaru
 60181 | Swamp:3  | Identified a +0 pair of boots of running (Okawaru gifted it to you on level 3 of the Swamp)
 61379 | Swamp:4  | Entered Level 4 of the Swamp
 61379 | Swamp:4  | Noticed Kidiri's ghost (adept DEFE)
 62688 | Spider:1 | Reached skill level 5 in Armour
 63799 | Spider:1 | HP: 3/146 [wolf spider (5)]
 65858 | Spider:2 | Got a smoking buckler
 65985 | Spider:2 | Identified the +3 buckler of Geuq {rN+} (You took it off an entropy weaver on level 2 of the Spider Nest)
 66291 | Spider:2 | Received a gift from Okawaru
 68136 | Spider:2 | HP: 7/146 [demonic crawler (6)]
 69513 | Spider:3 | Reached XP level 18. HP: 87/154 MP: 28/34
 69697 | Spider:3 | Learned a level 8 spell: Ignition
 70028 | Spider:4 | Entered Level 4 of the Spider Nest
 70850 | Spider:4 | Received a gift from Okawaru
 73326 | Spider:4 | Received a gift from Okawaru
 75214 | Spider:4 | Got a gossamer rune of Zot
 78069 | Lair:6   | Got a bloodstained flail
 78070 | Lair:6   | Identified the +8 flail of Cowardice {drain, Fragile Str+2 Int+6 Stlth+} (You found it on level 6 of the Lair of Beasts)
 78257 | Swamp:1  | Reached skill level 1 in Maces & Flails
 78866 | Swamp:3  | Reached XP level 19. HP: 159/168 MP: 14/36
 79184 | Swamp:4  | Killed Kidiri's ghost
 80286 | Swamp:4  | Received a gift from Okawaru
 80315 | Swamp:4  | Got a polished triple sword {god gift}
 80316 | Swamp:4  | Identified the +9 triple sword "Beetleslayer" {vamp, MR++} (Okawaru gifted it to you on level 4 of the Swamp)
 80401 | Swamp:4  | Reached skill level 15 in Fighting
 80837 | Swamp:4  | Noticed the 27-headed Lernaean hydra
 80902 | Swamp:4  | Killed the 27-headed Lernaean hydra
 81403 | Swamp:4  | Reached skill level 10 in Long Blades
 81532 | Swamp:4  | Got a decaying rune of Zot
 81754 | Lair:3   | Killed p0werm0de's ghost
 81835 | Lair:1   | Learned a level 2 spell: Swiftness
 82690 | D:15     | Entered Level 15 of the Dungeon
 82849 | D:15     | Received a gift from Okawaru
 82865 | D:15     | Got a crude great sword {god gift}
 84591 | D:15     | Found a staircase to the Depths.
 84857 | Orc:1    | Paralysed by p0werm0de's ghost for 4 turns
 84888 | Orc:1    | Killed p0werm0de's ghost
 85192 | Elf:1    | Entered Level 1 of the Elven Halls
 85238 | Elf:1    | Noticed Nikola
 85409 | D:11     | Bought the +5 shortbow of Discretion {speed, rElec} for 672 gold pieces
 85607 | Elf:1    | Killed Nikola
 85953 | Orc:2    | Bought 26 arrows for 57 gold pieces
 86082 | Elf:1    | Received a gift from Okawaru
 86444 | Depths:1 | Entered Level 1 of the Depths
 86735 | Vaults:1 | Entered Level 1 of the Vaults
 87458 | D:14     | Identified the +9 great sword of Odemo {drain, rN+} (Okawaru gifted it to you on level 15 of the Dungeon)
 88085 | Vaults:1 | Reached XP level 20. HP: 171/180 MP: 31/37
 88548 | Vaults:1 | Noticed Jorgrun
 88560 | Vaults:1 | Killed Jorgrun
 89028 | Vaults:1 | Learned a level 2 spell: Throw Frost
 90305 | D:14     | Mangled by an orc knight

Vault maps used:
D:1:      dpeg_arrival_connections
D:2:      chequers_ecumenical_altar_grove, minmay_misc_feat_encased,
          uniq_crazy_yiuf_cottage
D:3:      uniq_robin
D:5:      grunt_temple_overflow_open, first_bread
D:7:      lemuel_coloured_pillars_altar, minmay_temple_entry_statues,
          grunt_ogre_cave
D:8:      marbit_many_paths, due_lair_maze_entry_diamond,
          onia_ninara_dug_in_and_dangerous, uniq_grum, uniq_joseph
D:9:      kennysheep_mini, orc_0_dummy, guppyfry_early_elven_hall, uniq_pikel
D:10:     grunt_ministairs_9, hangedman_weighted_door, lemuel_tele_altar,
          uniq_fannar
D:11:     serial_shops, shop_statue, corexii_leaking_fountain
D:13:     basic_altar, serial_shops, shop, feat_on_display
D:14:     minmay_outward_triangles, david_vaults_3, serial_bayou_ford_a,
          uniq_azrael, uniq_roxanne
D:15:     gammafunk_enter_depths_forms
Temple:   minmay_crystal_spiral_temple
Lair:1:   nicolae_quartered_pool_super, grunt_megastairs_2
Lair:2:   beast_lair_carwin_4, grunt_megastairs_4
Lair:4:   swamp_mist_pool, dummy_spider_entry, basic_altar
Lair:5:   st_stairs_11, grunt_megastairs_5, lemuel_fruit_fields, uniq_urug
Lair:6:   evilmike_catoblepas_cave, slime_dummy
Swamp:1:  cheibrodos_swamp_tower_of_moss, hangedman_swamp_pad, swamp_pool4
Swamp:2:  nicolae_swamp_dense_foliage
Swamp:3:  evilmike_swamp_ruin_rubble_2
Swamp:4:  swamp_old_school
Spider:1: spider_trap
Spider:4: guppyfry_spider_rune
Orc:1:    trog_book
Orc:2:    grunt_orc_gardens, grunt_orc_garden, grunt_orc_garden,
          grunt_orc_garden, grunt_orc_garden, abandoned_shop
Elf:1:    elf_arrival_001, serial_co_window_serial, co_window_cross_1,
          co_window_corner_a, co_window_corner_a, co_window_corner_a,
          co_window_corner_a, co_window_paths_c, co_window_unsneaky_path_d,
          co_window_paths_c, co_window_of_opportunity_c, co_window_2corner,
          co_window_paths_d, glass_columns_b, glass_columns_c, glass_columns_b,
          glass_columns_a, glass_columns_a, uniq_nikola
Vaults:1: vaults_room_hangedman_quadrants, nicolae_vaults_shelves_hall,
          nicolae_vaults_alarming, vaults_dpeg_encased_lava, serial_shops,
          nicolae_shop_behind_doors, uniq_jorgrun, uniq_donald
Depths:1: hell_entry, kennysheep_path_1, abyss_entry, special_room, pan_entry,
          evilmike_minifort, grunt_megastairs_3, serial_bayou_shore_b,
          minmay_shop_star, serial_bayou_shore_b

Skill      XL: |  1  2  3  4  5  6  7  8  9 10 11 12 13 14 15 16 17 18 19 20 |
---------------+-------------------------------------------------------------+-----
Spellcasting   | 2 4 5 7 10 12 13 14 | 14.6
Conjurations   | 2 3 4 6 7 9 11 12 13 14 15 16 | 16.2
Fire Magic     | 4 5 6 8 10 11 13 14 16 17 18 | 18.0
Fighting       | 3 4 7 8 11 12 14 16 | 16.1
Evocations     | 2 3 4 |  4.0
Invocations    | 3 5 |  5.0
Armour         | 1 3 4 7 |  7.0
Dodging        | 2 3 |  3.1
Long Blades    | 3 5 9 10 | 10.8
Maces & Flails | 2 4 |  4.6
Stealth        | |  1.5

Action                   |  1- 3 |  4- 6 |  7- 9 | 10-12 | 13-15 | 16-18 | 19-21 || total
-------------------------+-------+-------+-------+-------+-------+-------+-------++-------
Melee: Unarmed           |     6 |       |       |       |       |       |       ||     6
       Club              |    13 |       |       |       |       |       |       ||    13
       Short sword       |    30 |       |       |   183 |     1 |       |       ||   214
       Dagger            |       |     4 |   319 |   126 |       |       |       ||   449
       Staff             |       |       |       |     8 |       |       |       ||     8
       Spear             |       |       |       |   303 |   388 |       |       ||   691
       Flail             |       |       |       |     2 |       |    25 |    85 ||   112
       Demon blade       |       |       |       |       |   831 |  1257 |       ||  2088
       Long sword        |       |       |       |       |     3 |       |       ||     3
       Headbutt          |       |       |       |       |    12 |       |       ||    12
       Great sword       |       |       |       |       |       |    21 |       ||    21
       Triple sword      |       |       |       |       |       |       |   402 ||   402
 Fire: Hunting sling     |    56 |   138 |    87 |       |       |       |       ||   281
       Shortbow          |       |       |       |       |       |       |    47 ||    47
Throw: Stone             |     2 |     3 |     1 |       |       |       |       ||     6
       Tomahawk          |       |       |    30 |     5 |       |       |       ||    35
       Javelin           |       |       |       |       |       |     4 |     3 ||     7
 Cast: Flame Tongue      |    20 |    49 |   177 |   244 |   105 |     3 |     9 ||   607
       Conjure Flame     |       |     8 |    24 |    42 |    68 |    94 |    40 ||   276
       Sticky Flame      |       |       |     6 |    41 |   150 |   323 |   143 ||   663
       Throw Flame       |       |       |     6 |    67 |   261 |   401 |    92 ||   827
       Fireball          |       |       |       |    13 |    38 |   112 |    44 ||   207
       Blink             |       |       |       |       |       |    18 |     1 ||    19
       Animate Skeleton  |       |       |       |       |       |    12 |    19 ||    31
       Ignition          |       |       |       |       |       |     3 |       ||     3
Invok: Heroism           |       |       |     1 |     2 |    18 |    47 |    15 ||    83
       Finesse           |       |       |       |     1 |     4 |     3 |     4 ||    12
 Abil: Blink             |       |       |       |       |       |     8 |       ||     8
Evoke: Wand              |       |       |     8 |     4 |     2 |     4 |     3 ||    21
       Phantom mirror    |       |       |       |       |       |       |     1 ||     1
  Use: Scroll            |       |     9 |     9 |    10 |    17 |    14 |     3 ||    62
       Potion            |       |       |       |       |     6 |    14 |     6 ||    26
 Stab: Sleeping          |     2 |       |     1 |     4 |     4 |       |       ||    11
       Confused          |       |       |     1 |       |       |       |       ||     1
       Distracted        |       |       |       |       |     1 |     1 |       ||     2
  Eat: Chunk             |     3 |    11 |    14 |    46 |    69 |    43 |    14 ||   200
       Meat ration       |       |       |     3 |     1 |     7 |     2 |     2 ||    15
       Fruit             |       |       |       |     2 |     7 |     4 |     4 ||    17
       Bread ration      |       |       |       |     1 |     3 |    15 |     4 ||    23
       Royal jelly       |       |       |       |       |     9 |     1 |     1 ||    11
Armor: Robe              |    17 |     2 |       |       |   326 |       |       ||   345
       Leather armour    |       |     9 |   118 |   259 |   115 |       |       ||   501
       Ring mail         |       |       |       |       |   117 |  1269 |   429 ||  1815
Dodge: Dodged            |    56 |    31 |   219 |   273 |   672 |   866 |   385 ||  2502
       Deflected         |       |       |       |       |       |     3 |       ||     3
Block: Shield            |       |       |       |   194 |   744 |   400 |       ||  1338
       Buckler           |       |       |       |       |       |   268 |    20 ||   288
       Rpst.: Demon blade |       |       |       |       |   130 |   177 |       ||   307
       Great sword       |       |       |       |       |       |     6 |       ||     6
       Triple sword      |       |       |       |       |       |       |    76 ||    76

Table legend:
 A = Spawn XP
 B = Non-spawn XP
 C = Spawn XP percentage of total XP
 D = Spawn monster count
 E = Non-spawn monster count
 F = Spawn count percentage of total count
 G = Total turns spent on level
                    A         B        C        D         E        F      G
               +---------+---------+-------+---------+---------+-------+---------
         Total |  127094 |  299954 |  29.8 |     476 |    1035 |  31.5 | 90305
               +---------+---------+-------+---------+---------+-------+---------
           D:1 |       6 |      18 |  25.0 |       4 |       7 |  36.4 |   688
           D:2 |       4 |      91 |   4.2 |       2 |      22 |   8.3 |  1277
           D:3 |      59 |      83 |  41.5 |      10 |      21 |  32.3 |  2283
           D:4 |     252 |     695 |  26.6 |      14 |      27 |  34.1 |  2613
           D:5 |     103 |     588 |  14.9 |       8 |      27 |  22.9 |  1815
           D:6 |     226 |     649 |  25.8 |       3 |      16 |  15.8 |  1224
           D:7 |     358 |    1180 |  23.3 |       7 |      30 |  18.9 |  1931
           D:8 |    1212 |    4719 |  20.4 |      20 |      41 |  32.8 |  3566
           D:9 |    4200 |    2493 |  62.8 |      25 |      24 |  51.0 |  2503
          D:10 |     891 |    6469 |  12.1 |      11 |      44 |  20.0 |  2645
          D:11 |     734 |    3249 |  18.4 |      18 |      41 |  30.5 |  2708
          D:12 |    2710 |    4354 |  38.4 |      10 |      21 |  32.3 |  1594
          D:13 |    5928 |   13267 |  30.9 |      32 |      58 |  35.6 |  3882
          D:14 |    2543 |   14621 |  14.8 |       8 |      36 |  18.2 |  3718
          D:15 |    4860 |   10341 |  32.0 |      16 |      22 |  42.1 |  2071
        Lair:1 |    2713 |    2624 |  50.8 |       9 |      15 |  37.5 |  3097
        Lair:2 |    2208 |    4625 |  32.3 |       5 |      19 |  20.8 |  2120
        Lair:3 |    6896 |    7871 |  46.7 |      20 |      36 |  35.7 |  3732
        Lair:4 |    7036 |    5876 |  54.5 |      24 |      19 |  55.8 |  4456
        Lair:5 |    6048 |    7647 |  44.2 |      21 |      34 |  38.2 |  3665
        Lair:6 |   12126 |   22109 |  35.4 |      24 |      60 |  28.6 |  4382
       Swamp:1 |    2318 |    7246 |  24.2 |       3 |      17 |  15.0 |  1612
       Swamp:2 |    6265 |    8031 |  43.8 |      16 |      25 |  39.0 |  2883
       Swamp:3 |    6768 |   14289 |  32.1 |      17 |      32 |  34.7 |  3624
       Swamp:4 |    8974 |   28379 |  24.0 |      15 |      43 |  25.9 |  2226
      Spider:1 |    6451 |   18708 |  25.6 |      21 |      55 |  27.6 |  3668
      Spider:2 |    4260 |   14125 |  23.2 |      14 |      33 |  29.8 |  3761
      Spider:3 |    4787 |    9128 |  34.4 |       9 |      20 |  31.0 |  2554
      Spider:4 |   10685 |   31315 |  25.4 |      18 |      65 |  21.7 |  4443
         Orc:1 |     228 |    2968 |   7.1 |       6 |      17 |  26.1 |  1692
         Orc:2 |    2165 |   12843 |  14.4 |      36 |      49 |  42.4 |  4654
         Elf:1 |       0 |    8285 |   0.0 |       0 |       8 |   0.0 |   410
      Vaults:1 |   13080 |   31068 |  29.6 |      30 |      51 |  37.0 |  2620
               +---------+---------+-------+---------+---------+-------+---------
